 Dungeon Crawl Stone Soup version 0.20-a0-700-gbd4582c (webtiles) character file.

374 esteth the Changer (level 6, -4/44 HPs)
             Began as a Merfolk Transmuter on Feb 20, 2017.
             Engulfed by a cloud of flame (16 damage)
             ... on level 4 of the Dungeon.
             The game lasted 00:11:24 (4923 turns).

esteth the Changer (Merfolk Transmuter)             Turns: 4923, Time: 00:11:24

Health: -4/44      AC:  2    Str: 11    XL:     6   Next: 72%
Magic:  6/9        EV: 21    Int: 14    God:
Gold:   174        SH:  0    Dex: 19    Spells: 3/9 levels left

rFire    . . .     SeeInvis .     - Unarmed
rCold    . . .     Gourm    .   (armour currently unavailable)
rNeg     . . .     Faith    .   (shield currently unavailable)
rPois    x         Spirit   .   (helmet currently unavailable)
rElec    .         Reflect  .   (cloak currently unavailable)
rCorr    +         Harm     .   (gloves currently unavailable)
MR       .....                  (boots currently unavailable)
Stlth    ++........             n - amulet of magic regeneration
Regen    0.2/turn               (no ring)
MPRegen  0.2/turn               x - ring of resist corrosion

@: spider-form
A: (change form in water), (swift swim), (stealthy swim)
a: End Transformation


You were on level 4 of the Dungeon.
You were not hungry.
You were a venomous arachnid creature.
You visited 1 branch of the dungeon, and saw 4 of its levels.

You collected 174 gold pieces.

Inventory:

Missiles
 a - 21 arrows (quivered)
Armour
 b - a +1 robe (melded)
 m - a +0 pair of gloves (melded)
 o - a +0 pair of boots (melded)
 r - a +0 hat (melded)
Jewellery
 j - an uncursed amulet of the gourmand
 n - an amulet of magic regeneration (around neck)
 x - a ring of resist corrosion (left front leg)
Wands
 k - a wand of random effects (26/48)
Potions
 e - 2 potions of brilliance {unknown}
 f - a potion of berserk rage {unknown}
 g - 3 potions of curing {unknown}
 h - 2 potions of agility {unknown}
 p - a potion of heal wounds {unknown}
 v - 2 potions of resistance {unknown}
 w - a potion of invisibility {unknown}
Books
 c - a book of Changes

   Spells                             Type                      Level
   a - Beastly Appendage              Transmutation                1
   b - Sticks to Snakes               Transmutation                2
   c - Spider Form                    Transmutation/Poison         3
   d - Ice Form                       Ice/Transmutation            4
   e - Blade Hands                    Transmutation                5
Comestibles
 d - 3 bread rations
 i - a meat ration
 l - a royal jelly
 q - 8 chunks of flesh


   Skills:
 + Level 1.9 Fighting
 - Level 2.6 Dodging
 - Level 5.2 Unarmed Combat
 - Level 2.0 Spellcasting
 - Level 7.5 Transmutations


You had 3 spell levels left.
You knew the following spells:

 Your Spells              Type           Power        Failure   Level  Hunger
a - Beastly Appendage     Tmut           ###...       4%          1    ##.....
b - Sticks to Snakes      Tmut           ###.....     6%          2    ###....
c - Spider Form           Tmut/Pois      ##........   36%         3    ####...


Dungeon Overview and Level Annotations

Branches:
Dungeon (4/15)
 Temple: D:4-7

Altars:
Ashenzari
Gozag
Makhleb
Okawaru
Sif Muna
Zin
The Shining One

Shops:
D:4 %


Message History

Confirm with . or Enter, or press ? or * to list all spells.
You turn into a venomous arachnid creature.
Your +0 hat melds into your body.
Your +0 pair of gloves melds into your body.
Your +0 pair of boots melds into your body.
Your +1 robe melds into your body.
The worm misses you.
You hit the worm.
The worm is poisoned.
The worm is lightly wounded.
You hit the worm.
The worm looks as sick as possible!
The worm is lightly wounded.
The worm bites you.
You hit the worm.
The worm looks as sick as possible!
The worm is moderately wounded.
You bite the worm!
The worm explodes!
The fiery explosion engulfs you!
Ouch! That really hurt!
* * * LOW HITPOINT WARNING * * *
You are engulfed in blazing flames.
You die...

# #.# ##...# #. #.#
#....# #.. #.###....
#..####...#..#
#.......#≈≈≈.## #
#.......≈≈≈≈≈.#.#
.#.........∩≈≈§#§###
.........≈≈≈≈≈§.§..#
.#.......#≈≈≈#s§§..#
........<##..#.....#
>.######.....#.....#
#######.<.###.#.....#
##.#.#.#.#.#
#.#.....#
#≈≈≈≈((#.#.#
#.#....!#
_....(((.#.#
#.#.....#
#≈≈≈≈(≈###.# #......
#.#.#.## #.#


There were no monsters in sight!

Vanquished Creatures
  An orc priest (D:3)
  3 orc wizards (D:3)
  Ijyb (D:3)
  Terence (D:3)
  2 adders (D:2)
  A gnoll (D:4)
  An ooze (D:3)
  4 worms
  2 dart slugs
  3 leopard geckos
  13 orcs
  7 bats
  6 giant cockroaches
  15 goblins
  10 hobgoblins
  7 jackals
  3 quokkas
  A ball python (D:2)
  4 frilled lizards
  7 kobolds
  9 rats
101 creatures vanquished.

Vanquished Creatures (collateral kills)
  A hound (D:2)
  An orc wizard (D:3)
  A leopard gecko (D:3)
  An orc (D:3)
  A bat (D:3)
  A giant cockroach (D:2)
  3 jackals (D:2)
9 creatures vanquished.

Grand Total: 110 creatures vanquished

Notes
Turn   | Place    | Note
-------+----------+-------------------------------------------
     0 | D:1      | esteth the Merfolk Transmuter began the quest for the Orb.
     0 | D:1      | Reached XP level 1. HP: 15/15 MP: 3/3
   189 | D:1      | Reached XP level 2. HP: 21/21 MP: 5/5
   939 | D:1      | Reached XP level 3. HP: 26/26 MP: 6/6
  1487 | D:2      | Learned a level 2 spell: Sticks to Snakes
  1805 | D:2      | Reached skill level 5 in Unarmed Combat
  1975 | D:2      | Reached skill level 3 in Transmutations
  1975 | D:2      | Reached XP level 4. HP: 28/32 MP: 7/7
  2178 | D:2      | Found an opulent altar of Gozag.
  2694 | D:2      | Reached skill level 4 in Transmutations
  2828 | D:2      | Found a burning altar of Makhleb.
  2971 | D:2      | Reached XP level 5. HP: 33/37 MP: 8/8
  3201 | D:3      | Found a glowing silver altar of Zin.
  3207 | D:3      | Learned a level 3 spell: Spider Form
  3274 | D:3      | Noticed Ijyb
  3284 | D:3      | Killed Ijyb
  3284 | D:3      | Reached skill level 5 in Transmutations
  3395 | D:3      | Found a shattered altar of Ashenzari.
  3602 | D:3      | Reached skill level 6 in Transmutations
  3604 | D:3      | Reached XP level 6. HP: 9/43 MP: 4/9
  3914 | D:3      | Noticed Terence
  3928 | D:3      | Killed Terence
  3934 | D:3      | Found a glowing golden altar of the Shining One.
  4047 | D:3      | Reached skill level 7 in Transmutations
  4638 | D:3      | Found a deep blue altar of Sif Muna.
  4862 | D:4      | Found an iron altar of Okawaru.
  4901 | D:4      | Found Lahe's Food Shop.
  4923 | D:4      | Engulfed by a cloud of flame

Vault maps used:
D:1:      tarquinn_simple_flora_water_f
D:2:      grunt_gozag_statues, makhleb_heckhound_becter, grunt_ministairs_6
D:3:      lemuel_round_altar, evilmike_ruin_ashenzari,
          lemuel_coloured_pillars_altar, tso_metal_star, uniq_terence, uniq_iyjb
D:4:      serial_shops, nicolae_shop_waterfront, okawaru_altar_gauntlet_db

Skill      XL: |  1  2  3  4  5  6 |
---------------+-------------------+-----
Unarmed Combat | 4 5 |  5.2
Transmutations | 3 4 6 7 |  7.5
Fighting       | |  1.9
Dodging        | |  2.6
Spellcasting   | |  2.0

Action                   |  1- 3 |  4- 6 || total
-------------------------+-------+-------++-------
Melee: Unarmed           |   146 |   231 ||   377
       Punch             |     1 |     7 ||     8
       Headbutt          |       |     4 ||     4
 Cast: Sticks to Snakes  |     3 |    10 ||    13
       Beastly Appendage |       |     4 ||     4
       Spider Form       |       |     5 ||     5
  Use: Scroll            |       |     8 ||     8
 Stab: Sleeping          |       |     2 ||     2
  Eat: Chunk             |     4 |    11 ||    15
Armor: Robe              |    23 |    41 ||    64
Dodge: Dodged            |    79 |   167 ||   246
